 Dungeon Crawl Stone Soup version 0.30.1-11-g7821555f0a (webtiles) character file.

Game seed: 6778668365188502608

337 bnorton916 the Magician (level 6, 0/32 HPs)
             Began as a Deep Elf Fire Elementalist on Nov 22, 2023.
             Slain by a gnoll
             ... wielding a +0 halberd
             ... led by a gnoll bouda
              (8 damage)
             ... on level 4 of the Dungeon.
             The game lasted 00:03:52 (4804 turns).

bnorton916 the Magician (DEFE)                      Turns: 4804, Time: 00:03:53

Health: 0/32       AC:  4    Str:  5    XL:     6   Next: 28%
Magic:  16/16      EV: 12    Int: 22    God:
Gold:   265        SH:  5    Dex: 15    Spells: 13/16 levels left

rFire   + + .        (no weapon)
rCold   + . .        (no shield)
rNeg    . . .        a - +0 robe
rPois   +            (no helmet)
rElec   +            d - +0 cloak
rCorr   +            l - +0 pair of gloves
SInv    .            (no boots)
Will    .....        g - amulet of reflection
Stlth   ++           o - ring of protection from fire
HPRegen 0.25/turn    (no ring)
MPRegen 0.15/turn

%: reflection
@: resistant, weakened
A: no striking features
a: no special abilities


You were on level 4 of the Dungeon.
You visited 1 branch of the dungeon, and saw 4 of its levels.

You collected 265 gold pieces.

Inventory:

Hand Weapons
 k - a +2 whip of draining
 s - a +1 flail of protection
Armour
 a - a +0 robe (worn)
 d - a +0 cloak (worn)
 l - a +0 pair of gloves (worn)
Jewellery
 g - an amulet of reflection (around neck)
 o - a ring of protection from fire (left hand)
Scrolls
 e - a scroll of enchant armour {unknown}
 h - a scroll of fear {unknown}
 i - 7 scrolls of identify {unknown}
 j - 2 scrolls of vulnerability {unknown}
 q - a scroll of magic mapping {unknown}
 r - a scroll of enchant weapon {unknown}
 u - a scroll of summoning {unknown}
Potions
 b - a potion of magic
 c - 4 potions of curing {unknown}
 f - a potion of invisibility {unknown}
 m - 2 potions of brilliance {unknown}
 n - a potion of resistance
 p - a potion of heal wounds {unknown}
 t - 2 potions of lignification {unknown}


   Skills:
 - Level 2.4 Dodging
 - Level 2.4 Stealth
 + Level 5.6 Spellcasting
 + Level 4.1 Conjurations
 + Level 5.2 Fire Magic


You had 13 spell levels left.
You knew the following spells:

 Your Spells              Type           Power      Damage    Failure   Level
a - Foxfire               Conj/Fire      100%       2x1d9     1%          1
b - Scorch                Fire           58%        2d7       1%          2

Your spell library contained the following spells:

 Spells                   Type           Power      Damage    Failure   Level
 Beastly Appendage        Tmut           12%        N/A       10%         1
 Inner Flame              Hex/Fire       17%        N/A       10%         3
 Volatile Blastmotes      Fire/Tloc      34%        2d12      10%         3
 Hailstorm                Conj/Ice       15%        3d5       12%         3
 Wereblood                Tmut           6%         N/A       14%         2
 Flame Wave               Conj/Fire      26%        2d8       14%         4
 Spider Form              Tmut/Pois      6%         N/A       28%         3
 Ice Form                 Ice/Tmut       6%         N/A       67%         4
 Simulacrum               Ice/Necr       3%         N/A       100%        6


Dungeon Overview and Level Annotations

Branches:
Dungeon (4/15)
 Temple: D:4-7

Altars:


Message History

You conjure some foxfire!
The foxfire hits the gnoll.
The gnoll is almost dead.
A gnoll comes into view. It is wielding a +0 whip.
A gnoll comes into view. It is wielding a +0 halberd.
The gnoll shouts!
The foxfire hits the gnoll.
You kill the gnoll!
Casting: Foxfire (safe; 1% risk of failure)
Confirm with . or Enter, or press ? or * to list all spells.
You conjure some foxfire!
The foxfire hits the gnoll bouda but does no damage.
An orc comes into view. It is wielding a +0 mace.
The foxfire hits the gnoll bouda.
The gnoll bouda is lightly wounded.
The foxfire hits the gnoll but does no damage.
The gnoll bouda gazes fiercely through you!
You feel your attacks grow feeble.
The gnoll bouda gazes fiercely through you!
You feel as though you will be weak longer.
The gnoll hits you with a +0 whip. The gnoll attacks as you move away!
The gnoll hits you with a +0 whip.
The gnoll bouda gazes fiercely through you!
You feel as though you will be weak longer.
The gnoll attacks as you move away! You block the gnoll's attack.
The gnoll attacks as you move away! The gnoll hits you with a +0 club.
The gnoll attacks as you move away! The gnoll barely misses you.
The gnoll is no longer moving quickly.
The gnoll hits you from afar with a +0 halberd!
The gnoll hits you with a +0 club.
* * * LOW HITPOINT WARNING * * *
The gnoll is no longer moving quickly.
You block the gnoll's attack. The gnoll attacks as you move away!
The gnoll barely misses you. The gnoll attacks as you move away!
You block the gnoll's attack.
The gnoll bouda barks out a call to the hunt!
The gnolls pick up the pace!
It was a potion of resistance.
You feel protected. The gnoll closely misses you.
The gnoll hits you from afar with a +0 halberd!
You die...

......................####.##.#
.........................#.#..###
....................##..........)
.#########.......................
.# #.##..##.#g......o...... .#
#)##.###...##.#..##.(... .#
###.#....gg..##....##..... ##
####......##g#.†##.#..###.### #
###....#.#.###@##.##......#.#
#...####...# #.##.####....#..
##.### ##<.## ..##.# #....##.#
#..# ###..## #.###.## #....# .#
#.####....# .. ##..###..#.....
#.# #..##.# #.# #.....#..#.#..#
#.# #.###)# #. #.....#..#..#.#
#.###.# #.# #. #.....#..##...#.
#...†.# #.# #.....##........


You could see a gnoll bouda and 3 gnolls.

Vanquished Creatures
  An orc priest (D:3)
  A hound (D:4)
  3 iguanas
  5 gnolls
  6 adders
  2 ufetubi (D:4)
  3 dart slugs
  2 worms (D:3)
  6 orcs
  11 ball pythons
  5 bats
  4 endoplasms
  2 giant cockroaches
  7 goblins
  5 hobgoblins
  3 jackals (D:2)
  2 quokkas
  4 frilled lizards
  6 kobolds
  7 rats
85 creatures vanquished.

Vanquished Creatures (others)
  397 foxfires
397 creatures vanquished.

Grand Total: 482 creatures vanquished

Notes
Turn   | Place    | Note
-------+----------+-------------------------------------------
     0 | D:1      | bnorton916 the Deep Elf Fire Elementalist began the quest
                  | for the Orb.
     0 | D:1      | Reached XP level 1. HP: 10/10 MP: 6/6
   321 | D:1      | Reached XP level 2. HP: 15/15 MP: 5/8
   362 | D:1      | Learned a level 2 spell: Scorch
  1478 | D:2      | Reached XP level 3. HP: 19/19 MP: 5/10
  1572 | D:2      | Reached XP level 4. HP: 13/24 MP: 1/12
  3515 | D:3      | Reached XP level 5. HP: 28/28 MP: 5/14
  3881 | D:3      | Reached skill level 5 in Spellcasting
  4257 | D:4      | Reached skill level 5 in Fire Magic
  4546 | D:4      | Reached XP level 6. HP: 14/32 MP: 8/16
  4804 | D:4      | Slain by a gnoll

Illustrated notes

Levels and vault maps discovered:
D:1:      shiori_arrival_whats_in_store_for_you, layout_basic
D:2:      minmay_wonky_spiral, layout_basic
D:3:      layout_basic
D:4:      layout_rooms

Skill      XL: |  1  2  3  4  5  6 |
---------------+-------------------+-----
Conjurations   | 2 3 4 |  4.1
Spellcasting   | 4 5 |  5.6
Fire Magic     | 4 5 |  5.2
Dodging        | |  2.4
Stealth        | |  2.4

Action                     |  1- 3 |  4- 6 || total
---------------------------+-------+-------++-------
   Cast: Foxfire           |    88 |   145 ||   233
         Scorch            |     4 |    13 ||    17
    Use: Potion            |       |     1 ||     1
 Armour: Robe              |     2 |    10 ||    12
  Dodge: Dodged            |     6 |    21 ||    27
  Block: Other             |     1 |    11 ||    12
         Reflection        |       |     2 ||     2
